 Dungeon Crawl Stone Soup version 0.28.0-45-g0d030f2227 (webtiles) character file.

Game seed: 5625125366453837629

58 Iusername the Covered (level 3, 0/33 HPs)
             Began as a Minotaur Fighter on Apr 6, 2022.
             Was a Follower of Uskayaw.
             Slain by a goblin
             ... wielding a +0 club
             ... led by Robin
              (3 damage)
             ... on level 2 of the Dungeon.
             The game lasted 00:04:32 (1735 turns).

Iusername the Covered (Minotaur Fighter)            Turns: 1735, Time: 00:04:32

Health: 0/33       AC:  3    Str: 22    XL:     3   Next: 75%
Magic:  2/2        EV: 11    Int:  5    God:    Uskayaw [*.....]
Gold:   109        SH:  5    Dex: 12    Spells: 2/2 levels left

rFire   . . .      SeeInvis .   a - +0 trident
rCold   . . .      Faith    .   c - +0 buckler
rNeg    . . .      Spirit   .   k - +1 robe "Sauracu" {Dex+3}
rPois   .          Reflect  .   (helmet restricted)
rElec   .          Harm     .   (no cloak)
rCorr   .          Rampage  .   (no gloves)
Will    .....                   (no boots)
Stlth   +.........              (no amulet)
HPRegen 0.11/turn               (no ring)
MPRegen 0.08/turn               (no ring)

@: mighty
A: horns 2, retaliatory headbutt
a: Renounce Religion, Stomp


You were on level 2 of the Dungeon.
You worshipped Uskayaw.
Uskayaw was noncommittal.
You visited 1 branch of the dungeon, and saw 2 of its levels.

You collected 109 gold pieces.

Inventory:

Hand Weapons
 a - a +0 trident (weapon)
Armour
 b - a +0 scale mail
 c - a +0 buckler (worn)
 k - the +1 robe "Sauracu" (worn) {Dex+3}
   (You found it on level 2 of the Dungeon)

   Dex:       It affects your dexterity (+3).
Jewellery
 h - a ring of willpower
Scrolls
 f - a scroll of enchant weapon {unknown}
 g - 2 scrolls of identify {unknown}
 i - a scroll of fear {unknown}
 j - a scroll of teleportation {unknown}
Potions
 e - a potion of resistance {unknown}
 l - a potion of lignification {unknown}


   Skills:
 + Level 4.1 Fighting
 + Level 3.0 Polearms
 + Level 4.5 Armour
 + Level 0.4 Dodging
 + Level 4.2 Shields


You had 2 spell levels left.
You didn't know any spells.
Your spell library was empty.

Dungeon Overview and Level Annotations

Branches:
Dungeon (2/15)

Altars:
Uskayaw

Shops:
D:2 !


Innate Abilities, Weirdness & Mutations

You have a pair of horns on your head.
You reflexively headbutt those who attack you in melee.


Message History

You puncture the goblin!
You kill the goblin!
You hear a shout! x2
A goblin comes into view. It is wielding a +0 club.
The goblin hits you with a +0 dagger.
You hear a shout!
You hit the goblin.
You kill the goblin!
The goblin closely misses you.
A hobgoblin comes into view.
A goblin comes into view. It is wielding a +0 dagger.
The goblin hits you but does no damage.
Items here: )) ††.
You closely miss the goblin. The goblin barely misses you.
You hit the goblin.
You kill the goblin!
A goblin comes into view. It is wielding a +0 club.
You block the goblin's attack.
You barely miss the goblin. The goblin hits you with a +0 club.
You miss the goblin. The goblin hits you with a +0 club.
The hobgoblin hits you. The goblin hits you with a +0 club. x2
You block the goblin's attack.
The hobgoblin hits you but does no damage.
The goblin closely misses you.
You hit the goblin.
The goblin is heavily wounded.
You block the goblin's attack. The goblin hits you with a +0 club.
* * * LOW HITPOINT WARNING * * *
You block the hobgoblin's attack. You block the goblin's attack.
You feel very mighty all of a sudden.
A hobgoblin comes into view.
The goblin hits you with a +0 club.
* * * LOW HITPOINT WARNING * * *
The goblin hits you but does no damage. You block the hobgoblin's attack.
The goblin hits you with a +0 club.
* * * LOW HITPOINT WARNING * * *
You puncture the goblin!
You kill the goblin!
The goblin hits you with a +0 club.
You die...

..# #.# #.# #.# #
#.###.# #..g..
#######.g# #......@)#
#.####†gg#
##########.####......#
..(...†......##.#......g
..##<..###.#.##.#######.
..##...# #.#.##.#
.......# #.. ...#
...##<.#####.#### #...#
.............# #...#


You could see 2 hobgoblins and 2 goblins.

Vanquished Creatures
  An adder (D:2)
  2 dart slugs (D:1)
  6 bats
  2 endoplasms
  2 giant cockroaches
  6 goblins
  4 hobgoblins
  4 jackals (D:2)
  4 quokkas
  2 ball pythons (D:1)
  A frilled lizard (D:1)
  2 kobolds (D:1)
  5 rats
41 creatures vanquished.

Vanquished Creatures (others)
  A plant (D:2)
1 creature vanquished.

Grand Total: 42 creatures vanquished

Notes
Turn   | Place    | Note
-------+----------+-------------------------------------------
     0 | D:1      | Iusername the Minotaur Fighter began the quest for the Orb.
     0 | D:1      | Reached XP level 1. HP: 19/19 MP: 0/0
   237 | D:1      | Reached XP level 2. HP: 20/27 MP: 1/1
   950 | D:1      | Found a faded altar of an unknown god.
   962 | D:1      | Prayed at the altar of an unknown god.
   962 | D:1      | Became a worshipper of Uskayaw the Reveller
   962 | D:1      | Reached * piety under Uskayaw
  1023 | D:2      | Reached XP level 3. HP: 30/33 MP: 2/2
  1041 | D:2      | Reached ** piety under Uskayaw
  1466 | D:2      | Identified the +1 robe "Sauracu" {Dex+3}
  1724 | D:2      | Found Samniul's Distillery.
  1735 | D:2      | Slain by a goblin

Illustrated notes

Levels and vault maps discovered:
D:1:      dpeg_arrival_round_c, layout_rooms,
          shapermc_ecumenical_altar_mp_highgroup
D:2:      cheibrodos_old_hovel, layout_loops_cross, serial_shops, shop,
          uniq_robin

Skill      XL: |  1  2  3 |
---------------+----------+-----
Armour         | 4 |  4.5
Shields        | 4 |  4.2
Fighting       | 4 |  4.1
Polearms       | 3 |  3.0
Dodging        | |  0.4

Action                   || total
-------------------------++-------
Melee: Trident           ||    96
       Headbutt          ||     9
  Use: Potion            ||     1
Armor: Scale mail        ||    58
       Robe              ||     6
Dodge: Dodged            ||    76
Block: Buckler           ||    38
